 Dungeon Crawl Stone Soup version 0.28.0-53-g5a82cb258f (webtiles) character file.

Game seed: 13043221703577086177

216 PhantomBowie the Cudgeller (level 6, 0/48 HPs)
             Began as a Human Berserker on June 3, 2022.
             Was a Believer of Trog.
             Slain by a river rat (2 damage)
             ... on level 3 of the Dungeon.
             The game lasted 00:11:06 (3267 turns).

PhantomBowie the Cudgeller (Human Berserker)        Turns: 3267, Time: 00:11:06

Health: 0/48       AC:  8    Str: 19    XL:     6   Next: 16%
Magic:  6/6        EV: 10    Int:  8    God:    Trog [**....]
Gold:   78         SH:  0    Dex: 12    Spells: 5/5 levels left

rFire   . . .      SeeInvis .   a - +0 mace
rCold   . . .      Faith    .   (no shield)
rNeg    . . .      Spirit   .   l - +0 scale mail
rPois   .          Reflect  .   (no helmet)
rElec   .          Harm     .   j - +0 cloak
rCorr   .          Rampage  .   (no gloves)
Will    .....                   (no boots)
Stlth   ..........              (no amulet)
HPRegen 0.16/turn               (no ring)
MPRegen 0.10/turn               (no ring)

@: on berserk cooldown, slowed, very slow
A: no striking features
a: Renounce Religion, Berserk, Trog's Hand


You were on level 3 of the Dungeon.
You worshipped Trog.
Trog was pleased with you.
You visited 1 branch of the dungeon, and saw 3 of its levels.

You collected 78 gold pieces.

Inventory:

Hand Weapons
 a - a +0 mace (weapon)
Armour
 j - a +0 cloak (worn)
 l - a +0 scale mail (worn)
Wands
 h - a wand of mindburst (11)
Scrolls
 c - a scroll of silence {unknown}
 g - a scroll of identify {unknown}
 k - 3 scrolls of teleportation {unknown}
Potions
 b - a potion of invisibility {unknown}
 d - a potion of mutation {unknown}
 e - a potion of flight {unknown}
 f - a potion of curing {unknown}
 i - a potion of berserk rage {unknown}


   Skills:
 + Level 4.1 Fighting
 + Level 4.1 Maces & Flails
 + Level 3.4 Armour
 + Level 3.3 Dodging


You had 5 spell levels left.
You didn't know any spells.
Your spell library was empty.

Dungeon Overview and Level Annotations

Branches:
Dungeon (3/15)

Altars:


Message History

The river rat barely misses you.
You closely miss the river rat.
The river rat is severely wounded.
The river rat barely misses you.
You barely miss the river rat.
The river rat is severely wounded.
The river rat closely misses you.
Your unstable footing causes you to fumble your attack.
The river rat closely misses you.
You closely miss the river rat.
The river rat is severely wounded.
Your unstable footing causes you to fumble your attack.
The river rat bites you.
* * * LOW HITPOINT WARNING * * *
Your unstable footing causes you to fumble your attack.
The river rat misses you.
Your unstable footing causes you to fumble your attack.
The river rat closely misses you.
You barely miss the river rat.
The river rat is severely wounded.
The river rat closely misses you.
You closely miss the river rat.
The river rat is severely wounded.
The river rat bites you but does no damage.
Your unstable footing causes you to fumble your attack.
You are no longer berserk.
You are exhausted.
You feel yourself slow down.
You barely miss the river rat.
The river rat is severely wounded.
The river rat bites you!
* * * LOW HITPOINT WARNING * * *
The river rat closely misses you. The river rat barely misses you. x3
The river rat bites you.
* * * LOW HITPOINT WARNING * * *
The river rat bites you.
* * * LOW HITPOINT WARNING * * *
The river rat barely misses you. The river rat bites you.
You die...

#......#####'
#......#.....
########.....#.....
≈≈#≈≈≈#.....#..... ###
#≈#≈#≈#≈....#.....
#≈≈≈≈#≈#≈#≈#≈....#.....
#≈≈≈†≈#≈≈≈≈..##.....
########≈#≈#≈...#......
#≈≈≈≈r@≈≈#≈≈≈...#......
##≈#######≈#....#..(...
#≈≈≈≈≈≈≈#≈≈≈...#.....#
#########≈≈....#.....#
##.....#.....#
#######.....# #.....#
#.....# #.....#


You could see a river rat.

Vanquished Creatures
  A sky beast (D:3)
  Terence (D:3)
  2 adders
  A river rat (D:3)
  2 worms (D:3)
  2 dart slugs (D:2)
  5 ball pythons
  5 endoplasms
  2 giant cockroaches (D:2)
  3 goblins (D:2)
  5 hobgoblins
  9 jackals
  A quokka (D:3)
  4 bats
  2 frilled lizards
  8 kobolds
  6 rats
59 creatures vanquished.

Notes
Turn   | Place    | Note
-------+----------+-------------------------------------------
     0 | D:1      | PhantomBowie the Human Berserker began the quest for the
                  | Orb.
     0 | D:1      | Reached XP level 1. HP: 18/18 MP: 1/1
   294 | D:1      | Found a faded altar of an unknown god.
   548 | D:1      | Reached XP level 2. HP: 20/24 MP: 2/2
  1117 | D:2      | Reached XP level 3. HP: 22/29 MP: 3/3
  1208 | D:2      | Reached ** piety under Trog
  1785 | D:2      | Reached XP level 4. HP: 34/35 MP: 4/4
  2184 | D:3      | Noticed Terence
  2213 | D:3      | Killed Terence
  2418 | D:3      | Noticed a sky beast
  2439 | D:3      | Killed a sky beast
  2440 | D:3      | Reached XP level 5. HP: 25/42 MP: 5/5
  2644 | D:3      | Reached XP level 6. HP: 34/48 MP: 6/6
  3266 | D:3      | HP: 1/48 [river rat (6)]
  3267 | D:3      | Slain by a river rat

Illustrated notes

Levels and vault maps discovered:
D:1:      tarquinn_simple_flora_water_b, layout_basic,
          chequers_ecumenical_altar_simple
D:2:      layout_basic
D:3:      layout_basic, lightli_sewer_entry_pipes, uniq_terence

Skill      XL: |  1  2  3  4 |
---------------+-------------+-----
Fighting       | 4 |  4.1
Maces & Flails | 4 |  4.1
Armour         | 3 |  3.4
Dodging        | 3 |  3.3

Action                   |  1- 3 |  4- 6 || total
-------------------------+-------+-------++-------
Melee: Mace              |    91 |   137 ||   228
       Punch             |       |     2 ||     2
Invok: Berserk           |       |     3 ||     3
Armor: Animal skin       |    10 |       ||    10
       Ring mail         |     9 |    18 ||    27
       Scale mail        |       |    33 ||    33
Dodge: Dodged            |    46 |    79 ||   125
